Map: Vallée des cactus EC

Players

SCII - Winner!

  • Race: Terran Terran

BiiiiiiiiiiG

  • Race: Terran Terran

VOD

Have the link to the VOD?

Description

Time

  • Played on: May 16, 2015, 9:41 a.m.
  • Length: 9:36
Show
View Real Time Build Order
Export as new Build Order

SCII Terran - Winner!

Build Orders: Bio Tank 

Get SALT Encoding   

  12  0:01  SCV  
  13  0:15  SCV  
  13  0:18  Supply Depot  
  14  0:27  SCV  
  15  0:40  SCV  
  16  0:44  Barracks  
  16  0:52  SCV  
  17  1:04  SCV  
  18  1:16  Command Center  
  18  1:17  SCV  
  19  1:27  Refinery  
  19  1:29  SCV  
  20  1:34  Marine  
  21  1:41  Orbital Command  
  21  1:45  Refinery  
  21  1:54  Supply Depot  
  21  2:08  SCV  
  21  2:20  SCV, Factory  
  22  2:24  Barracks Tech Lab  
  22  2:31  Orbital Command  
  22  2:32  SCV  
  23  2:44  SCV  
  24  2:52  Orbital Command  
  24  2:53  Barracks  
  24  2:56  SCV  
  25  3:02  Marine  
  26  3:08  SCV  
  27  3:13  Siege Tank  
  27  3:19  SCV  
  31  3:21  SCV  
  31  3:22  Barracks Tech Lab  
  32  3:28  Refinery  
  32  3:31  SCV  
  32  3:32  Refinery  
  32  3:34  SCV  
  34  3:37  Starport  
  34  3:43  SCV, Barracks Tech Lab, Marine  
  34  3:45  Siege Tank  
  34  3:46  SCV  
  40  3:55  SCV  
  41  3:58  SCV  
  42  4:05  Combat Shields  
  42  4:07  Stimpack, Marine  
  42  4:08  Marine  
  44  4:10  SCV  
  44  4:12  SCV, Missile Turret  
  44  4:14  Missile Turret  
  46  4:29  Supply Depot  
  46  4:33  Starport Reactor  
  46  4:38  Barracks  
  46  4:40  Barracks  
  46  4:51  SCV, Siege Tank, Supply Depot  
  50  4:53  Supply Depot  
  50  4:57  SCV  
  50  4:59  Engineering Bay  
  51  5:00  Marine  
  51  5:03  Marine  
  43  5:37  Marine x4  
  43  5:38  Siege Tank  
  43  5:54  Marine  
  43  5:55  Marine x3  
  43  5:56  Viking x2  
  51  6:10  Siege Tank  
  52  6:12  Marine  
  52  6:13  Marine  
  50  6:29  Viking x2, Marine x2  
  50  6:30  Marine  
  50  6:31  Marine  
  58  6:35  SCV  
  58  6:37  SCV  
  60  6:42  Siege Tank  
  63  6:47  SCV, Marine  
  63  6:48  Terran Infantry Weapons Level 1  
  63  6:49  SCV  
  63  6:51  Command Center  
  65  7:00  SCV  
  65  7:01  Supply Depot, Barracks Tech Lab, SCV  
  66  7:04  Barracks Reactor  
  66  7:05  Barracks Reactor  
  66  7:06  Marine x2  
  69  7:11  Supply Depot  
  69  7:15  Engineering Bay  
  69  7:16  SCV  
  69  7:22  Medivac x2  
  63  7:58  Siege Tank  
  63  7:59  Marine x4  
  63  8:00  Marine x2, Medivac x2  
  63  8:01  Concussive Shells  
  76  8:08  SCV  
  76  8:11  Orbital Command  
  77  8:13  SCV  
  77  8:16  Marine  
  77  8:17  Marine x3  
  77  8:18  Armory, Marine x2  
  84  8:20  SCV  
  84  8:25  SCV, Barracks  
  86  8:28  Factory  
  86  8:34  Marine x2  
  86  8:35  Marine x2  
  86  8:36  Marine x2  
  92  8:47  Siege Tank  
  92  8:48  Medivac x2  
  99  8:52  Marine x2  
Show
View Real Time Build Order
Export as new Build Order

BiiiiiiiiiiG Terran 

Build Orders: 1/1/1, Mech, Siege Tank Drop 

Get SALT Encoding   

  12  0:01  SCV  
  13  0:13  SCV  
  14  0:18  Supply Depot  
  14  0:25  SCV  
  15  0:39  SCV  
  15  0:40  Barracks  
  16  0:46  Refinery  
  16  0:52  SCV  
  17  1:04  SCV  
  18  1:15  Refinery  
  18  1:16  SCV  
  19  1:28  Marine  
  19  1:29  Orbital Command  
  20  1:34  Supply Depot  
  20  1:43  Factory  
  20  1:46  Marine  
  21  1:54  SCV  
  22  2:02  Supply Depot  
  22  2:06  Barracks Reactor, SCV  
  23  2:18  SCV  
  24  2:27  Hellion  
  24  2:28  Starport  
  26  2:33  SCV  
  27  2:39  Supply Depot  
  27  2:43  Marine x2  
  29  2:45  SCV  
  29  2:49  Factory Tech Lab  
  30  2:57  SCV  
  31  3:01  Marine x2  
  33  3:14  Factory Tech Lab  
  33  3:15  Raven  
  33  3:18  Marine  
  33  3:19  Marine  
  37  3:33  Siege Tank  
  40  3:38  Command Center  
  40  3:43  SCV  
  40  3:45  Marine  
  42  3:57  Supply Depot  
  42  3:58  SCV, Viking  
  45  4:13  SCV, Siege Tank  
  45  4:14  Marine x2  
  49  4:28  Medivac  
  49  4:29  Supply Depot  
  51  4:32  Marine x2  
  51  4:37  SCV  
  54  4:49  Infernal Pre-Igniter  
  54  5:03  Factory  
  54  5:05  Hellion  
  54  5:06  SCV  
  58  5:11  Orbital Command  
  57  5:18  Viking  
  59  5:26  Hellion  
  46  5:52  Hellion x3  
  51  5:58  SCV x2  
  53  6:10  SCV  
  53  6:11  SCV  
  55  6:13  Hellion x2  
  59  6:19  Hellion  
  59  6:23  SCV x2  
  63  6:31  Factory  
  63  6:35  SCV x2, Hellion x2  
  69  6:40  Armory, Hellion  
  71  6:47  SCV x2  
  71  6:50  Barracks Reactor  
  73  7:02  SCV  
  74  7:09  Command Center  
  74  7:18  Siege Tank  
  74  7:19  Factory Tech Lab  
  74  7:20  Hellion x2  
  74  7:21  Viking  
  79  7:41  Hellion x2  
  72  7:49  Siege Tank  
  66  7:53  SCV x2  
  66  7:55  Viking  
  66  8:02  Hellion  
  66  8:03  Hellion  
  66  8:04  Hellion  
  69  8:08  SCV  
  69  8:09  SCV  
  71  8:21  SCV x2  
  71  8:22  Hellion  
  71  8:23  Refinery, Orbital Command  
  71  8:24  Hellion x2  
  71  8:25  Siege Tank  
  82  8:29  Refinery  
  82  8:34  Factory  
  82  8:43  Hellion  
  82  8:45  Hellion x2  
  82  8:47  Missile Turret  
  82  8:48  Missile Turret  
  90  8:49  Missile Turret x2  
  88  8:56  Missile Turret  
  88  8:57  Siege Tank, Missile Turret  
  88  8:58  Missile Turret  
  87  9:05  Hellbat  
  87  9:07  Hellbat x2  
  65  9:22  Missile Turret  
Tags
 
Add a new tag
Caveats
  • Supply blocks, unpowered buildings, or Contaminate may cause inaccurate times.
  • Supply counts are checked every 10 seconds.